Cogmind - Beta 9.6 @@@ ROGUE MODE // 2020.05.23 @ 03:42:53 Player: Sophie Result: Destroyed by YI-UF0 with YI-UF0's Doublenader Performance ------------- Evolutions (0) 0 Regions Visited (2) 400 Robots Destroyed (27) 135 Value Destroyed (537) 537 Prototype IDs (5) 100 Alien Tech Used (0) 0 Bonus (0) 0 TOTAL SCORE: 1172 Bonus ------- None Cogmind --------- Core Integrity 0/250 Matter 300/300 Energy 250/250 System Corruption 0% Temperature Cool (0) Movement Walking (120) Location -10/Mines Parts ------- > --- POWER (1) -------- Ion Engine > --- PROPULSION (2) --- Aluminum Leg Aluminum Leg > --- UTILITY (2) ------ Sensor Array Tractor Beam > --- WEAPON (2) ------- Assault Rifle Assault Rifle > --- INVENTORY (4) ---- Heat Sink Structural Scanner Core Shielding Datajack Peak State ------------ > --- POWER ------------ Ion Engine > --- PROPULSION ------- Hover Unit Hover Unit > --- UTILITY ---------- Visual Processing Unit Sensor Array > --- WEAPON ----------- Assault Rifle Assault Rifle > --- INVENTORY -------- Small Storage Unit Large Storage Unit Medium Matter Pod [Rating: 8] Favorites ----------- Power Ion Engine Engine Ion Engine Propulsion Hover Unit Leg Aluminum Leg Wheel Compact Wheel Hover Unit Hover Unit Flight Unit Flight Unit Utility Sensor Array Device Sensor Array Storage Small Storage Unit Processor Signal Interpreter Weapon Assault Rifle Energy Gun Small Laser Ballistic Gun Assault Rifle Build | -11 -10 -10 ------- Run | Scr Mat Min Slots Evolved . | . . . Power . | . . . Propulsion . | . . . Utility . | . . . Weapon . | . . . Parts Attached 49 | 9 38 2 Power 10 | 3 7 . Engine 10 | 3 7 . Core . | . . . Reactor . | . . . Propulsion 14 | 2 12 . Treads . | . . . Leg 4 | . 4 . Wheel 2 | 2 . . Hover 6 | . 6 . Flight 2 | . 2 . Utility 11 | 1 10 . Device 7 | . 7 . Storage 2 | 1 1 . Processor 2 | . 2 . Hackware . | . . . Protection . | . . . Artifact . | . . . Weapon 14 | 3 9 2 Energy Gun 1 | 1 . . Energy Cannon . | . . . Ballistic Gun 13 | 2 9 2 Ballistic Cannon . | . . . Launcher . | . . . Special Weapon . | . . . Impact Weapon . | . . . Slashing Weapon . | . . . Piercing Weapon . | . . . Special Melee Weapon . | . . . Unidentified Prototypes . | . . . Parts Lost 9 | . 9 . Power 2 | . 2 . Propulsion 5 | . 5 . Utility . | . . . Weapon 2 | . 2 . Highest Loss Streak 3 | . 3 . Average Slot Usage (%) 92 | . 89 100 Engine 12 | . 11 14 Leg 8 | . 1 28 Wheel 1 | . 1 . Hover 10 | . 14 . Flight 2 | . 2 . Device 17 | . 13 28 Storage 2 | . 3 . Processor 7 | . 10 . Ballistic Gun 27 | . 27 28 Naked Turns 1 | . 1 . Heaviest Build 29 | 13 29 11 Greatest Support 26 | 26 26 20 Greatest Overweight (x) 2 | 1 2 . Average Overweight (x) . | . . . Largest Inventory Capacity 12 | 6 12 4 Average Capacity 4 | 4 4 4 Most Carried 4 | 1 4 4 Average Carried 3 | . 3 3 Final Capacity 6 | 6 4 4 Final Carried 4 | . 3 4 Class Distribution -------------------- 77% | Mutant 22% | Scavenger-Mutant Dominant Class ---------------- Mutant | -10/Materials Mutant | -10/Mines Resources | -11 -10 -10 ----------- Run | Scr Mat Min Matter Collected 1145 | 274 821 50 Remotely 122 | . 72 50 Salvage Created 796 | . 796 . Parts 66 | . 66 . Haulers Intercepted . | . . . Recyclers Shooed 2 | . 2 . Parts Field Recycled . | . . . Retrieved Matter . | . . . Parts Self-Destructed . | . . . Prevented . | . . . Kills | -11 -10 -10 ------- Run | Scr Mat Min Combat Hostiles Destroyed 19 | . 19 . Guns 19 | . 19 . Classes Destroyed 7 | . 7 . Worker 1 | . 1 . Tunneler 1 | . 1 . Recycler 2 | . 2 . Operator 1 | . 1 . Watcher 3 | . 3 . Swarmer 9 | . 9 . Grunt 10 | . 10 . Best Kill Streak 4 | . 4 . Combat Bots Only 3 | . 3 . Max Kills in Single Turn 2 | . 2 . Gunslinging 1 | . 1 . Exploded . | . . . Melee . | . . . Uniques/NPCs Destroyed . | . . . Combat | -11 -10 -10 -------- Run | Scr Mat Min Damage Taken 955 | . 807 148 Core 266 | . 170 96 Absorbed by Shields . | . . . Core Remaining (%) 100 | 100 . . Volleys Fired 101 | . 98 3 Largest 2 | . 2 2 Hottest 40 | . 40 40 Shots Fired 193 | . 187 6 Gun 193 | . 187 6 Cannon . | . . . Launcher . | . . . Special . | . . . Kinetic 193 | . 187 6 Thermal . | . . . Explosive . | . . . Electromagnetic . | . . . Robot Hit Streak 11 | . 11 5 Robot Miss Streak 5 | . 5 3 Penetration Max . | . . . Secondary Targets 5 | . 5 . Max Gunslinging Chain 1 | . 1 . Shots Hit Robots 103 | . 101 2 Core Hits 47 | . 46 1 Critical Hits . | . . . Critical Kills . | . . . Critical Parts Destroyed . | . . . Melee Attacks . | . . . Impact . | . . . Slashing . | . . . Piercing . | . . . Sneak Attacks . | . . . Combat Hostiles . | . . . Follow-up Attacks . | . . . Damage Inflicted 1104 | . 1070 34 Guns 1104 | . 1070 34 Cannons . | . . . Explosions . | . . . Melee . | . . . Ramming . | . . . Kinetic 1104 | . 1070 34 Thermal . | . . . Explosive . | . . . Electromagnetic . | . . . Impact . | . . . Slashing . | . . . Piercing . | . . . Highest Corruption . | . . . Average Corruption . | . . . Corruption Purged . | . . . Overload Shots . | . . . Overflow Damage . | . . . Projectiles . | . . . Explosions . | . . . Melee . | . . . Knockbacks . | . . . Impact . | . . . Kinetic . | . . . Secondary . | . . . Self-Inflicted Damage . | . . . Shots . | . . . Rammed . | . . . Targets Rammed . | . . . Kicked . | . . . Crushed . | . . . Highest Temperature 22 | . 22 . Average Temperature 4 | . 4 . Received Heat Transfer 258 | . 258 . Siege Activations . | . . . Robots Corrupted . | . . . Combat Hostiles . | . . . Parts Fried . | . . . Impact Corruptions . | . . . Robots Melted . | . . . Combat Hostiles . | . . . Parts Melted . | . . . Heat Transferred . | . . . Parts Sabotaged . | . . . Parts Stolen . | . . . Parts Stripped . | . . . Power Chain Reactions . | . . . Missiles Intercepted . | . . . Alert | -11 -10 -10 ------- Run | Scr Mat Min Peak Influence 256 | . 256 60 Average Influence 101 | . 125 59 Maximum Alert Level 1 | . 1 . Low Security (%) 82 | 100 73 100 Level 1 17 | . 26 . Level 2 . | . . . Level 3 . | . . . Level 4 . | . . . Level 5 . | . . . High Security . | . . . Max Security . | . . . Squads Dispatched 5 | . 5 . Investigation 2 | . 2 . Extermination . | . . . Reinforcement 3 | . 3 . Assault . | . . . Garrison . | . . . Intercept . | . . . Construction Impeded . | . . . Haulers Reinforced . | . . . Stealth | -11 -10 -10 --------- Run | Scr Mat Min Distress Signals 1 | . 1 . Communications Jammed . | . . . Distress Signals . | . . . Times Spotted 28 | . 26 2 Peak Tracking Total 4 | . 4 1 Tactical Retreats . | . . . Traps | -11 -10 -10 ------- Run | Scr Mat Min Traps Triggered 4 | . 4 . Indirectly . | . . . Trap Hack Attempts . | . . . Triggered . | . . . Disarmed . | . . . Reprogrammed . | . . . Reused . | . . . Traps Extracted . | . . . Installed . | . . . Triggered . | . . . Machines | -11 -10 -10 ---------- Run | Scr Mat Min Machines Disabled 1 | . 1 . Max in Single Turn 1 | . 1 . Machines Sabotaged . | . . . Garrisons Compromised . | . . . Overloaded Fab Kills . | . . . Fab Network Shutdowns . | . . . Hacking | -11 -10 -10 --------- Run | Scr Mat Min Machines Accessed 5 | . 5 . Terminals 4 | . 4 . Fabricators . | . . . Repair Stations . | . . . Recycling Units 1 | . 1 . Scanalyzers . | . . . Garrison Access . | . . . Total Hacks 10 | . 10 . Successful 8 | . 8 . Failed 2 | . 2 . Catastrophic 1 | . 1 . Database Lockouts . | . . . Manual . | . . . Terminals 7 | . 7 . Fabricators . | . . . Repair Stations . | . . . Recycling Units 3 | . 3 . Scanalyzers . | . . . Garrison Access . | . . . Terminal Hacks 5 | . 5 . Prototype ID Bank 3 | . 3 . Emergency Access Points 1 | . 1 . Recall Investigation 1 | . 1 . Fabricator Hacks . | . . . Repair Station Hacks . | . . . Recycling Unit Hacks 3 | . 3 . Report Inventory 2 | . 2 . Retrieve Components 1 | . 1 . Scanalyzer . | . . . Garrison Access Hacks . | . . . Unauthorized Hacks . | . . . Terminals . | . . . Fabricators . | . . . Repair Stations . | . . . Recycling Units . | . . . Scanalyzers . | . . . Garrison Access . | . . . Data Cores Recovered 1 | . 1 . Used 1 | . 1 . Hacking Detections 2 | . 2 . Full Trace Events . | . . . Feedback Events . | . . . Feedback Blocked . | . . . Robot Schematics Acquired . | . . . Robots Built . | . . . Matter . | . . . Time . | . . . Total Robot Build Rating . | . . . Part Schematics Acquired . | . . . Parts Built . | . . . Matter . | . . . Time . | . . . Total Part Build Rating . | . . . Parts Repaired . | . . . Time . | . . . Parts Recycled . | . . . Recycled Matter . | . . . Retrieved Matter . | . . . Retrieved Components 10 | . 10 . Parts Scanalyzed . | . . . Part Schematics Acquired . | . . . Parts Damaged . | . . . Bothacking | -11 -10 -10 ------------ Run | Scr Mat Min Used RIF Installer . | . . . Robots Hacked . | . . . Non-combat . | . . . Combat . | . . . Robot Hacks Applied . | . . . Relay Couplers Released . | . . . Robots Rewired . | . . . Allies Hacked . | . . . Hacks Repelled . | . . . Allies | -11 -10 -10 -------- Run | Scr Mat Min Total Allies 3 | . . 3 Largest Group 3 | . . 3 Highest-Rated Group 40 | . . 40 Highest-Rated Ally 16 | . . 16 Total Orders . | . . . Ally Attacks . | . . . Total Damage . | . . . Kills . | . . . Allies Corrupted . | . . . Allies Melted . | . . . Intel | -11 -10 -10 ------- Run | Scr Mat Min Robot Analysis Total . | . . . Derelict Logs Recovered 1 | . . 1 Drone Launches . | . . . Drone Recoveries . | . . . Exploration | -11 -10 -10 ------------- Run | Scr Mat Min Turns Passed 1305 | 76 888 341 Spaces Moved 1071 | 67 736 268 Core 95 | 3 92 . Treads . | . . . Legs 304 | . 36 268 Wheels 108 | 64 44 . Hover 438 | . 438 . Flight 126 | . 126 . Fastest Speed 37 | 50 37 120 Average Speed 84 | 90 71 120 Slowest Speed 185 | 100 185 120 Overloaded Moves . | . . . Propulsion Burnouts . | . . . Robots Hopped . | . . . Cave-ins Triggered . | . . . Exploration Rate (%) 55 | 4 94 67 Regions Visited 2 Branch Regions 1 Pre-discovered Areas . | . . . Known Exits Taken 1 | . 1 . Unknown Exits Taken 1 | 1 . . Scrap Searched 1 | . . 1 Spaces Dug . | . . . Terrain Destroyed . | . . . Melee . | . . . Projectile . | . . . AOE . | . . . Actions | -11 -10 -10 --------- Run | Scr Mat Min Total 1297 | 80 934 283 Wait 30 | . 23 7 Move 1069 | 66 735 268 Hop . | . . . Pick Up 11 | . 10 1 Fast Attach 27 | 8 19 . Attach 1 | . 1 . Detach 5 | 2 3 . Swap 21 | 1 18 2 Drop 32 | 3 27 2 Fire 101 | . 98 3 Melee . | . . . Ram . | . . . Kick . | . . . Crush . | . . . Escape Stasis . | . . . Rewire . | . . . Trap . | . . . Miscellaneous . | . . . Route ------- -11/Scrapyard -10/Materials (discovered 5 exits: *Mat x3 / *Min x2) -10/Mines (discovered 1 exit: *Mat) History --------- Turn | Location | Event 20 | -11/Scrapyard | Discovered new exit (range 16) 77 | -11/Scrapyard | Entered Materials 79 | -10/Materials | Discovered new exit (range 12) 113 | -10/Materials | Discovered new exit (range 16) 335 | -10/Materials | Discovered new exit (range 16) 533 | -10/Materials | Discovered new exit (range 15) 671 | -10/Materials | Core integrity fell below 50% 743 | -10/Materials | Identified exit to Mines 776 | -10/Materials | Discovered new exit (range 11) 805 | -10/Materials | Identified exit to Materials 822 | -10/Materials | Lost 3 parts (1p2n) 965 | -10/Materials | Entered Mines 968 | -10/Mines | Assisted by bots powering up and referring to "LRC-V3" 984 | -10/Mines | Build established: Mutant 993 | -10/Mines | Discovered exit to Materials (range 6) 1042 | -10/Mines | Received a Rocket Launcher from a helpful Derelict 1100 | -10/Mines | Assisted by bots powering up and referring to "LRC-V3" 1227 | -10/Mines | Learned Materials interactive machine intel 1305 | -10/Mines | Core integrity fell below 20% 1306 | -10/Mines | Destroyed by YI-UF0 with YI-UF0's Doublenader Last Messages --------------- Acquired derelict log, extracted data. Data stored: Materials interactive machine intel. K-01 Serf collects debris. U-05 Engineer lays Concrete. G-47 Trooper destroyed. T-07 Excavator destroyed. U-05 Engineer builds a Wall. YI-UF0 mumbles something. U-05 Engineer lays Concrete. YI-UF0: "BOOM!" U-05 Engineer destroyed. YI-UF0: "WHAAM!" Trooper 1b destroyed. Trooper 1a destroyed. Acquired 15 matter. K-01 Serf collects debris. Acquired 6 matter. The unstable cave ceiling collapses. YI-UF0: "WHAAM!" Mercenary 1a destroyed. Map ----- +----------------------------------------------------+ | ?????????????????????????????????????????????????? | | ?????????????????????????????????????????????????? | | ?????????????????????????????????????????????????? | | ?????????????????????????????????????????????????? | | ?????????????????????????????????????????????????? | | ?????????????????????????????????????????????????? | | ?????????????????????????????????????????????????? | | ?????????????????????????????????????????????????? | | ?????????????????????????????????????????????????? | | ?????????????????????????????????????????????????? | | ?????????????????????????????????????????????????? | | ????????????????????? ?????????????????????????? | | ??????????????????# ?????????????????????????? | | ?????????????????## ?????????????????????????? | | ?????????????????# ####?????????????????????? | | ?????????????????# #?????????????????????? | | ?????????????????? #?????????????????????? | | ????????????????### ##????????????????????? | | ????????????????? r !g[ #####????????????????? | | ??????????????????# t# [ ##???????????????? | | ??????????????????# #???????????????? | | ??????????????????# [ ????????????????? | | ??????????????????# !k ??????????????????? | | ?????????????###### $[ #???????????????????? | | ?????????????# #???????????????????? | | ?????????????# # [=@ #????????????????????? | | ???????????????# !=*% #????????????????????? | | ???????????????## =*= #????????????????????? | | ????????????????# k ############?????????? | | ?????############ ## # #?????????? | | ?????# ##### !!! #?????????? | | ?????# #### ########???# ! ! #?????????? | | ?????# #??# #??????????# ! #?????????? | | ?????# ##?# #??????????# !!! #?????????? | | ????## ### #??????????# #?????????? | | ????# #??????????# #?????????? | | ???## ########??????############ ######???????? | | ???# ##?## ##??????########### ## ##??????? | | ???# ### ###????# #??????? | | ???# ###### #??????? | | ???## ## ########## ##??????? | | ????### # #???????## ##???????? | | ??????## ## ] #??????## ########## | | ???????## #### ##????## | | ????????####?## ##???# ] | | ?????????????# #??## ########## | | ?????????????# #??# ####????????# | | ?????????????## ## #??# ##???????????# | | ??????????????# ###### ##?## #????????????? | | ??????????????# ##???# ##?## ##????????????? | +----------------------------------------------------+ Best States ------------- Heat Dissipation 25 Energy Generation 10 Energy Capacity 250 Matter Stores 300 Matter Capacity 300 Sight Range 18 Robot Scan Range 10 Terrain Scan Density 10 Evasion (%) 62 Item Schematics ----------------- None Robot Schematics ------------------ None Fabricated ------------ Nothing Alien Tech Used ----------------- None Achievements -------------- None Challenges ------------ None Game ------ Seed VariableGravitonScreen Manual? 0 Play Time 00:26:32 Cumulative 30.5 hours Start 2020.05.23 @ 01:54:39 End 2020.05.23 @ 03:42:53 Sessions 3 Manual Loads 0 Difficulty Rogue Special Mode None Game No. 15 Rogue 8 Adventurer 0 Explorer 7 Win Type - Total 0 Types 0/0/0/0/0/0/0 Lore% 31 Gallery% 37 Achievement% 28 Wizard Run 0 Options --------- ASCII 0 Keyboard 1 Movement Numpad Keybinds 0 Fullscreen 0 Font 16/Cog Map View 76x50 Tactical HUD 0 Map Filters NONE Filters NONE Steam 1 RUN: a0ebab91-48fa-49f7-950f-c516ecd2154b